 Dungeon Crawl Stone Soup version 0.28.0-53-g5a82cb258f (webtiles) character file.

Game seed: 703330861283579864

70 lun the Covered (level 4, -7/42 HPs)
             Began as a Deep Dwarf Fighter on July 2, 2022.
             Was a Follower of Trog.
             Splashed by a jelly's acid (10 damage)
             ... on level 4 of the Dungeon.
             The game lasted 00:02:27 (953 turns).

lun the Covered (Deep Dwarf Fighter)                 Turns: 953, Time: 00:02:27

Health: -7/42      AC: -3    Str: 21    XL:     4   Next: 3%
Magic:  4/4        EV:  9    Int:  9    God:    Trog [*.....]
Gold:   99         SH:  0    Dex: 12    Spells: 3/3 levels left

rFire   . . .      SeeInvis .   h - +3 whip (venom)
rCold   . . .      Faith    .   c - +0 buckler
rNeg    . . .      Spirit   .   b - +0 scale mail
rPois   .          Reflect  .   (no helmet)
rElec   .          Harm     .   (no cloak)
rCorr   .          Rampage  .   n - +0 pair of gloves
Will    .....                   (no boots)
Stlth   ..........              (no amulet)
HPRegen 0.00/turn               (no ring)
MPRegen 0.09/turn               (no ring)

@: confused, corroded
A: damage resistance, heal wounds, sense surroundings 1, no regeneration
a: Heal Wounds, Renounce Religion, Berserk


You were on level 4 of the Dungeon.
You worshipped Trog.
Trog was aware of your devotion.
You visited 1 branch of the dungeon, and saw 3 of its levels.

You collected 99 gold pieces.

Inventory:

Hand Weapons
 a - a +0 war axe
 h - a +3 whip of venom (weapon)
Armour
 b - a +0 scale mail (worn)
 c - a +0 buckler (worn)
 n - a +0 pair of gloves (worn)
Scrolls
 f - a scroll of identify {unknown}
 g - a scroll of blinking {unknown}
 i - a scroll of amnesia {unknown}
 k - a scroll of teleportation {unknown}
 l - a scroll of brand weapon {unknown}
 m - a scroll of noise {unknown}
 p - a scroll of fear {unknown}
Potions
 d - a potion of might
 e - 2 potions of heal wounds {unknown}
 j - 2 potions of invisibility {unknown}
 o - 2 potions of mutation {unknown}


   Skills:
 + Level 3.2 Fighting
 + Level 3.0 Axes
 + Level 4.1 Armour
 + Level 0.6 Dodging
 + Level 0.8 Stealth
 + Level 3.4 Shields


You had 3 spell levels left.
You didn't know any spells.
Your spell library was empty.

Dungeon Overview and Level Annotations

Branches:
Dungeon (2/15)

Altars:
Trog


Innate Abilities, Weirdness & Mutations

You are resistant to damage.
You can heal yourself by infusing magical energy.
You passively map a small area around you.
You do not regenerate.


Message History

You are too injured to fight recklessly!
You are too injured to fight recklessly!
You are too injured to fight recklessly!
You are too injured to fight recklessly!
You are too injured to fight recklessly!
Unknown command.
You barely miss the orc wizard.
An endoplasm comes into view.
The orc wizard points at you and mumbles some strange words.
The puff of flame hits you!
* * * LOW HITPOINT WARNING * * *
You block the jelly's attack.
You hit the orc wizard but do no damage.
The orc wizard is poisoned.
The jelly hits you but does no damage.
Unknown command.
You fail to use your ability.
The orc wizard shouts!
The orc wizard closely misses you. The jelly closely misses you.
You feel much better.
An orc comes into view. It is wielding a +0 whip.
The orc barely misses you.
The orc wizard points at you and mumbles some strange words.
You are confused.
The jelly hits you. The acid corrodes you!
You are splashed with acid!
Unknown command.
You closely miss the orc. The orc closely misses you.
The orc wizard hits you with a +0 dagger.
The orc barely misses you. The jelly hits you. The acid corrodes you!
You are splashed with acid!
You barely miss the orc. The orc hits you with a +0 flail!
* * * LOW HITPOINT WARNING * * *
The orc hits you with a +0 short sword.
* * * LOW HITPOINT WARNING * * *
The orc wizard hits you with a +0 dagger.
* * * LOW HITPOINT WARNING * * *
The orc wizard gestures wildly while chanting.
The orc wizard flickers and vanishes!
Deactivating autopickup; reactivate with Ctrl-A.
The jelly hits you.
You are splashed with acid!
You die...

, ....# * **
....# * , ,
.. , +.... #.
####...,, *
#.##.....,
#..#....#** ,
..##.#....#
.......o..# *
*
##.#.o@..####
* * *
*,#.oJ.......
* #..J.....##
, ,
#........# **
#{.#######, ,
* #... * *
o... , ,.....
, , , ......


You could see a jelly, an orc wizard (very poisoned), 3 orcs and an endoplasm.

Vanquished Creatures
  2 adders (D:2)
  2 dart slugs
  6 endoplasms
  3 giant cockroaches (D:2)
  4 goblins
  3 hobgoblins (D:1)
  4 quokkas
  5 ball pythons (D:1)
  2 bats
  3 frilled lizards
  6 kobolds
  4 rats
44 creatures vanquished.

Notes
Turn   | Place    | Note
-------+----------+-------------------------------------------
     0 | D:1      | lun the Deep Dwarf Fighter began the quest for the Orb.
     0 | D:1      | Reached XP level 1. HP: 20/20 MP: 1/1
   186 | D:1      | Reached XP level 2. HP: 16/27 MP: 2/2
   482 | D:1      | Found a faded altar of an unknown god.
   488 | D:1      | Reached XP level 3. HP: 19/34 MP: 3/3
   501 | D:1      | Prayed at the altar of an unknown god.
   501 | D:1      | Became a worshipper of Trog the Wrathful
   501 | D:1      | Reached * piety under Trog
   792 | D:2      | Reached skill level 4 in Armour
   874 | D:2      | Reached XP level 4. HP: 6/42 MP: 4/4
   943 | D:2      | You fall into a shaft and drop 2 floors!
   953 | D:4      | Splashed by a jelly's acid

Illustrated notes

Levels and vault maps discovered:
D:1:      elethiomel_arrival_quiet, layout_basic,
          hellmonk_ecumenical_altar_inner_sanctum
D:2:      layout_basic, basic_altar, minmay_domino_4
D:4:      layout_basic, mainiacjoe_overflow_tiny_flanked, vehumet_crystals,
          minmay_misc_feat_ornament, kennysheep_generic_room_12

Skill      XL: |  1  2  3 |
---------------+----------+-----
Fighting       | 3 |  3.2
Armour         | 4 |  4.1
Axes           | 3 |  3.0
Dodging        | |  0.6
Stealth        | |  0.8
Shields        | |  3.4

Action                   |  1- 3 |  4- 6 || total
-------------------------+-------+-------++-------
Melee: War axe           |    35 |       ||    35
       Whip              |    66 |     7 ||    73
 Abil: Heal Wounds       |       |     2 ||     2
Armor: Scale mail        |    40 |     2 ||    42
Dodge: Dodged            |    47 |     7 ||    54
Block: Buckler           |    18 |     1 ||    19
